AoeStats
← 知耻而后勇喜笑颜开

Arabia

508814891Analyzed
1v1 RM · 8d ago on Sep 24, 2026· 47m 21s· 2 players
Game mode
Random Map
Map size
Tiny (2 player)
Population
200
Speed
Normal
Resources
Standard
Victory
Conquest
Starting age
Dark Age
Ending age
Imperial Age
RankedLock teamsTeams togetherTeam positionsShared explorationLock speedFull tech treeHidden civsTurbo modeCheats
Victory
Defeat
🇦🇷 Saxons · Argentina
1495
+13
1425
-13
知耻而后勇喜笑颜开
8:25 Feudal Age
8:52 Double-Bit Axe
8:54 Loom
9:48 Wheelbarrow
9:34 Horse Collar
9:53 Town Watch
16:59 Gold Mining
20:09 Castle Age
18:37 Forging
18:46 Scale Barding Armor
19:02 Bloodlines
20:47 Fletching
22:02 Gold Shaft Mining
21:37 Bow Saw
21:20 Town Watch
23:54 Heavy Plow
23:45 Stone Mining
24:04 Husbandry
23:25 Light Cavalry
25:34 Bodkin Arrow
26:32 Sanctity
28:10 Redemption
32:50 Hand Cart
38:23 Imperial Age
36:19 Ballistics
36:31 Murder Holes
36:59 Clerical Recruitment
38:48 Iron Casting
38:13 Scale Mail Armor
38:13 Padded Archer Armor
38:17 Devotion
38:53 Squires
38:38 Arson
39:28 Conscription
39:30 Block Printing
39:40 Illumination
38:38 Crossbowman
39:23 Thumb Ring
39:24 Treadmill Crane
40:45 Chemistry
40:05 Thumb Ring
41:44 Guilds
41:45 Masonry
41:05 Capped Ram
41:32 Shield Wall
43:41 Architecture
42:49 Arbalester
42:58 Arbalester
43:47 Bracer
44:02 Leather Archer Armor
45:49 Hoardings
45:45 Siege Ram
48:02 Ring Archer Armor
maucame
6:12 Loom
8:47 Feudal Age
10:05 Double-Bit Axe
13:06 Horse Collar
19:32 Castle Age
18:32 Fletching
20:40 Wheelbarrow
19:35 Crossbowman
20:11 Bodkin Arrow
22:33 Ballistics
28:56 Squires
31:16 Hand Cart
34:55 Imperial Age
34:11 Scale Mail Armor
34:21 Forging
35:27 Chain Mail Armor
37:25 Plate Mail Armor
37:31 Iron Casting
37:50 Conscription
38:35 Bow Saw
38:25 Heavy Plow
38:49 Scale Barding Armor
38:25 Elite Varangian Guard
39:52 Bloodlines
39:57 Heavy Plow
39:56 Light Cavalry
40:14 Capped Ram
41:59 Hoardings
42:31 Chemistry
41:41 Gambesons
42:16 Arson
45:26 Elite Skirmisher
Connection lost

Rejoining the realm…

Still unreachable

The connection could not be restored.

Session expired

The server has moved on; the page needs a fresh start.